 Dungeon Crawl Stone Soup version 0.27-a0-76-ga51d4ba9de (webtiles) character file.

Game seed: 9449121535140864410

95 BeastOfSaturn the Charlatan (level 4, 0/36 HPs)
             Began as a Draconian Artificer on Jan 13, 2021.
             Killed by divine providence
             ... invoked by an orc priest
              (14 damage)
             ... on level 2 of the Dungeon.
             The game lasted 00:05:20 (2839 turns).

BeastOfSaturn the Charlatan (Draconian Artificer)   Turns: 2839, Time: 00:05:21

Health: 0/36       AC:  5    Str: 15    XL:     4   Next: 39%
Magic:  0/4        EV: 13    Int:  8    God:
Gold:   97         SH:  0    Dex: 11    Spells: 3/3 levels left

rFire    . . .     SeeInvis .   j - +0 spear
rCold    . . .     Faith    .   (no shield)
rNeg     . . .     Spirit   +   (armour unavailable)
rPois    .         Reflect  .   (helmet restricted)
rElec    .         Harm     .   (no cloak)
rCorr    .         Rampage  .   (no gloves)
Will     .....                  (no boots)
Stlth    +.........             l - amulet of guardian spirit
HPRegen  0.12/turn              o - -4 ring of intelligence (curse)
MPRegen  0.09/turn              (no ring)

@: no status effects
A: unfitting armour, cold-blooded, AC +5
a: no special abilities


You were on level 2 of the Dungeon.
You visited 1 branch of the dungeon, and saw 3 of its levels.

You collected 97 gold pieces.

Inventory:

Hand Weapons
 a - a +0 club
 j - a +0 spear (weapon)
Armour
 f - a +0 ring mail
Jewellery
 l - an amulet of guardian spirit (around neck)
 o - a cursed -4 ring of intelligence (left hand)
Wands
 b - a wand of flame (9) (quivered)
 c - a wand of enslavement (11)
 d - a wand of random effects (15)
Scrolls
 h - 2 scrolls of enchant armour
 k - 2 scrolls of blinking
 n - 2 scrolls of random uselessness
 q - 2 scrolls of magic mapping
 r - a scroll of identify
Potions
 e - a potion of curing
 g - a potion of heal wounds
 i - a potion of brilliance {unknown}
 m - a potion of mutation {unknown}
 p - a potion of might {unknown}


   Skills:
 * Level 2.0 Fighting
 * Level 3.3 Dodging
 - Level 0.8 Stealth
 + Level 4.0 Evocations


You had 3 spell levels left.
You didn't know any spells.
Your spell library contained the following spells:

 Spells                   Type           Power        Failure   Level
 Corona                   Hex            0%           41%         1
 Ensorcelled Hibernation  Hex/Ice        0%           54%         2
 Confusing Touch          Hex            0%           78%         3
 Dazzling Flash           Conj/Hex       0%           78%         3
 Tukima's Dance           Hex            0%           78%         3


Dungeon Overview and Level Annotations

Branches:
Dungeon (3/15)

Altars:
Hepliaklqana


Innate Abilities, Weirdness & Mutations

Your plain brown scales are hard. (AC +5)
You cannot fit into any form of body armour.
You are cold-blooded and may be slowed by cold attacks.


Message History

Your orc hits the rat with a +0 short sword.
The rat dies!
The orc priest hits you with a +0 club.
You closely miss the orc priest.
The orc priest is lightly wounded.
The orc priest misses you.
Your orc hits the orc priest but does no damage.
You hit the orc priest.
The orc priest is moderately wounded.
The orc priest hits you with a +0 club.
Your orc completely misses the orc priest.
You hit the orc priest but do no damage.
The orc priest is moderately wounded.
The orc priest invokes the aid of Beogh against you.
Beogh smites you!
Your orc closely misses the orc priest.
You barely miss the orc priest.
The orc priest is moderately wounded.
The orc priest invokes the aid of Beogh against you.
Beogh smites you!
You die...

#################
#.........<...#.##
#####.###########....############
...............##..(............)
...#..########........####.######
#..#..#####................#
#...........##.)#.#.######.######
##............(o@...#####........
##.............o#.#..........####
......###..##...#.#.######.#.#
##..................# #.#.#
#................### #.#.#
##..............### #.#)#
....#####.###...# ###.#)# ...##
#.# #...# #...#.# #### #.# #...#
#.###.#


You could see an orc priest and a friendly orc (charmed).

Vanquished Creatures
  3 gnolls (D:2)
  2 adders (D:2)
  A worm (D:2)
  A dart slug (D:2)
  2 leopard geckos
  3 orcs (D:2)
  A giant cockroach (D:2)
  2 goblins
  5 hobgoblins
  3 jackals (D:2)
  6 bats (D:1)
  A frilled lizard (D:1)
  5 kobolds
  5 rats
40 creatures vanquished.

Vanquished Creatures (collateral kills)
  A rat (D:2)
1 creature vanquished.

Vanquished Creatures (others)
  An orc (D:2)
1 creature vanquished.

Grand Total: 42 creatures vanquished

Notes
Turn   | Place    | Note
-------+----------+-------------------------------------------
     0 | D:1      | BeastOfSaturn the Draconian Artificer began the quest for
                  | the Orb.
     0 | D:1      | Reached XP level 1. HP: 16/16 MP: 1/1
   717 | D:1      | Reached XP level 2. HP: 1/23 MP: 2/2
  1434 | D:2      | Reached XP level 3. HP: 15/28 MP: 3/3
  1695 | D:2      | You fall into a shaft and drop 1 floor!
  1740 | D:3      | Found a hazy altar of Hepliaklqana.
  1885 | D:2      | Reached XP level 4. HP: 19/36 MP: 4/4
  2214 | D:2      | Reached skill level 4 in Evocations
  2839 | D:2      | Killed from afar by an orc priest

Illustrated notes

Levels and vault maps discovered:
D:1:      saegor_arrival_miasma, layout_basic
D:2:      layout_loops_ring
D:3:      layout_basic, overflow_temple_1_default, kennysheep_small_spiral

Skill      XL: |  1  2  3  4 |
---------------+-------------+-----
Dodging        | 3 |  3.3
Fighting       | 2 |  2.0
Evocations     | 4 |  4.0
Stealth        | |  0.8

Action                   |  1- 3 |  4- 6 || total
-------------------------+-------+-------++-------
Melee: Club              |    19 |       ||    19
       Spear             |    86 |    49 ||   135
       Tailslap          |     9 |     4 ||    13
Evoke: Wand              |     6 |     4 ||    10
  Use: Scroll            |     5 |     4 ||     9
 Stab: Sleeping          |     5 |       ||     5
Armor: Skin              |    17 |    12 ||    29
Dodge: Dodged            |    62 |    34 ||    96

Table legend: (Time is in decaauts)
 A = Elapsed time spent in this place.
 B = Non-inter-level travel time spent in this place.
 C = Inter-level travel time spent in this place.
 D = Time resting spent in this place.
 E = Time spent auto-exploring this place.
 F = Levels seen in this place.
 G = Mean time per level.
                   A        B        C        D        E       F      G
               +--------+--------+--------+--------+--------+-----+--------+
         Total |   2860 |   2742 |    118 |    437 |   1874 |   3 |  953.3 |
       Dungeon |   2860 |   2742 |    118 |    437 |   1874 |   3 |  953.3 |
               +--------+--------+--------+--------+--------+-----+--------+

Top non-repeatable levels by time:
     D:2: 1463 daAuts
     D:1: 1327 daAuts
     D:3: 69 daAuts
